 Dungeon Crawl Stone Soup version 0.27-a0-1101-ge311f74bc8 (webtiles) character file.

Game seed: 1784667572694859719

49 Vomitron the Poker (level 3, -5/28 HPs)
             Began as a Demonspawn Gladiator on Apr 28, 2021.
             Slain by Grinder (6 damage)
             ... while paralysed by Grinder
             ... on level 3 of the Dungeon.
             The game lasted 00:02:11 (2108 turns).

Vomitron the Poker (Demonspawn Gladiator)           Turns: 2108, Time: 00:02:11

Health: -5/28      AC:  5    Str: 15    XL:     3   Next: 53%
Magic:  3/3        EV:  2    Int: 11    God:
Gold:   109        SH:  0    Dex: 14    Spells: 0/2 levels left

rFire    . . .     SeeInvis .   i - +0 spear (flame)
rCold    . . .     Faith    .   (no shield)
rNeg     . . .     Spirit   .   b - +0 leather armour
rPois    .         Reflect  .   c - +0 helmet
rElec    .         Harm     .   g - +0 cloak
rCorr    .         Rampage  .   (no gloves)
Will     .....                  (no boots)
Stlth    +.........             (no amulet)
HPRegen  0.09/turn              (no ring)
MPRegen  0.08/turn              (no ring)

@: paralysed
A: talons 1, big brain 1
a: no special abilities


You were on level 3 of the Dungeon.
You visited 1 branch of the dungeon, and saw 3 of its levels.

You collected 109 gold pieces.

Inventory:

Hand Weapons
 a - a +0 trident
 i - a +0 spear of flaming (weapon)
Missiles
 d - 3 throwing nets (quivered)
Armour
 b - a +0 leather armour (worn)
 c - a +0 helmet (worn)
 g - a +0 cloak (worn)
Jewellery
 f - a +6 ring of intelligence
Wands
 n - a wand of iceblast (7)
Scrolls
 e - a scroll of fog {unknown}
 j - a scroll of summoning {unknown}
 l - a scroll of fear {unknown}
 m - a scroll of identify {unknown}
 o - a scroll of enchant armour {unknown}
Potions
 h - 2 potions of curing {unknown}
 k - a potion of flight {unknown}


   Skills:
 + Level 2.5 Fighting
 * Level 3.5 Polearms
 - Level 1.7 Throwing
 + Level 1.2 Armour
 - Level 2.6 Dodging
 + Level 0.1 Transmutations


You couldn't memorise any spells.
You knew the following spells:

 Your Spells              Type           Power      Damage    Failure   Level
a - Wereblood             Tmut           0%         N/A       52%         2

Your spell library contained the following spells:

 Spells                   Type           Power      Damage    Failure   Level
 Beastly Appendage        Tmut           0%         N/A       38%         1
 Spider Form              Tmut/Pois      0%         N/A       77%         3
 Ice Form                 Ice/Tmut       0%         N/A       99%         4
 Hydra Form               Tmut           0%         N/A       100%        5


Dungeon Overview and Level Annotations

Branches:
Dungeon (3/15)

Altars:

Annotations:
D:3 Grinder


Innate Abilities, Weirdness & Mutations

You have sharp toenails.
You have an unusually large brain. (Int +2)


Message History

There are monsters nearby!
There are monsters nearby!
Grinder shouts!
The orc shouts!
You hear a shout!
Unknown command.
You hit the orc but do no damage. You hit the orc but do no damage.
The orc closely misses you.
You hit the orc. You burn the orc. You claw the orc, but do no damage.
The orc is almost dead.
The orc hits you with a +0 club.
You closely miss the orc.
The orc is almost dead.
The orc misses you.
You hit the orc but do no damage.
The orc is almost dead.
The orc barely misses you.
You hit the orc. You burn the orc.
You kill the orc!
Your leather armour prevents you from hitting the orc.
You claw the orc.
The orc is moderately wounded.
The orc hits you with a +0 dagger.
You closely miss the orc. You claw the orc, but do no damage.
The orc is moderately wounded.
The orc closely misses you.
You hit the orc. You burn the orc.
You kill the orc!
You reach to attack!
You hit Grinder. You burn Grinder.
Grinder is lightly wounded.
You hit Grinder but do no damage. You claw Grinder, but do no damage.
Grinder is lightly wounded.
Grinder gestures at you.
You suddenly lose the ability to move!
Grinder hits you.
You writhe in agony.
An orc comes into view. It is wielding a +0 trident.
Grinder hits you.
You writhe in agony.
* * * LOW HITPOINT WARNING * * *
Grinder hits you.
* * * LOW HITPOINT WARNING * * *
Grinder hits you.
You die...

.#. .. ####..
#.... . #.#..
###.# #.#.##.....
#@#[...o.5.
#5#..# #.o..#
##(..# ..#
#...#########.###
#.............##.
#.....######..##.
#.#...#....#..##.
#.....<....#..##.


You could see Grinder and an orc.

Vanquished Creatures
  2 dart slugs (D:2)
  2 orcs (D:3)
  4 bats
  7 endoplasms (D:1)
  3 giant cockroaches
  2 goblins
  2 hobgoblins (D:1)
  3 jackals (D:1)
  2 quokkas
  2 ball pythons (D:1)
  3 frilled lizards
  3 kobolds (D:1)
  4 rats
39 creatures vanquished.

Notes
Turn   | Place    | Note
-------+----------+-------------------------------------------
     0 | D:1      | Vomitron the Demonspawn Gladiator began the quest for the
                  | Orb.
     0 | D:1      | Reached XP level 1. HP: 16/16 MP: 1/1
   290 | D:1      | Reached skill level 3 in Polearms
   291 | D:1      | Gained mutation: You have sharp toenails. [demonic
                  | ancestry]
   291 | D:1      | Reached XP level 2. HP: 22/22 MP: 2/2
   813 | D:1      | Reached skill level 1 in Armour
   899 | D:1      | Gained mutation: You have an unusually large brain. (Int
                  | +2) [demonic ancestry]
   899 | D:1      | Reached XP level 3. HP: 28/28 MP: 3/3
  1440 | D:2      | Learned a level 2 spell: Wereblood
  2084 | D:3      | Noticed Grinder
  2104 | D:3      | Paralysed by Grinder for 6 turns
  2107 | D:3      | HP: 1/28 [Grinder (4)]
  2108 | D:3      | Slain by Grinder

Illustrated notes

Levels and vault maps discovered:
D:1:      sevenhm_arrival_forest_fort_large_2, layout_basic,
          serial_corexii_hall, corexii_hall_statues_i, corexii_hall_statues_x,
          kennysheep_decorative_pillar, minmay_misc_feat_rows
D:2:      layout_loops_corners
D:3:      cheibrodos_fertilizer, layout_basic,
          ebering_ecumenical_altar_sacrificial, uniq_grinder,
          uniq_crazy_yiuf_cottage

Skill      XL: |  1  2 |
---------------+-------+-----
Polearms       | 3 |  3.5
Armour         | 1 |  1.2
Fighting       | |  2.5
Throwing       | |  1.7
Dodging        | |  2.6
Transmutations | |  0.1

Action                   || total
-------------------------++-------
Melee: Trident           ||    57
       Kick              ||    12
       Spear             ||    54
 Stab: Sleeping          ||     3
Armor: Leather armour    ||    20
Dodge: Dodged            ||    53

Table legend: (Time is in decaauts)
 A = Elapsed time spent in this place.
 B = Non-inter-level travel time spent in this place.
 C = Inter-level travel time spent in this place.
 D = Time resting spent in this place.
 E = Time spent auto-exploring this place.
 F = Levels seen in this place.
 G = Mean time per level.
                   A        B        C        D        E       F      G
               +--------+--------+--------+--------+--------+-----+--------+
         Total |   2111 |   2076 |     35 |     11 |   1824 |   3 |  703.7 |
       Dungeon |   2111 |   2076 |     35 |     11 |   1824 |   3 |  703.7 |
               +--------+--------+--------+--------+--------+-----+--------+

Top non-repeatable levels by time:
     D:1: 1111 daAuts
     D:2: 888 daAuts
     D:3: 111 daAuts
